 Dungeon Crawl Stone Soup version 0.30-a0-778-g2ef04afb54 (webtiles) character file.

Game seed: 1188775833096116689

30971 Borgoz the Fighter (level 13, -24/86 HPs)
             Began as a Gargoyle Berserker on Feb 15, 2023.
             Was a High Priest of Trog.
             Killed from afar by a lindwurm (36 damage)
             ... with a blast of flame
             ... on level 3 of the Lair of Beasts.
             The game lasted 00:30:03 (13011 turns).

Borgoz the Fighter (Gargoyle Berserker)            Turns: 13011, Time: 00:30:04

Health: -24/86     AC: 36    Str: 23    XL:     13   Next: 55%
Magic:  0/13       EV:  8    Int:  7    God:    Trog [*****.]
Gold:   687        SH:  6    Dex: 19    Spells: 12/12 levels left

rFire   . . .      SeeInvis .    q - +7 flail (protect)
rCold   . . .      Faith    .    u - +0 buckler
rNeg    + + .      Spirit   +    G - +1 crystal plate armour "Put-Me-On" {Harm +Blink rN+}
rPois   ∞          Reflect  .    N - +0 hat
rElec   +          Harm     +    x - +1 cloak
rCorr   .          Rampage  .    (no gloves)
Will    .....                    r - +0 pair of boots Stlth
                                 P - amulet of guardian spirit
HPRegen 0.34/turn                k - +4 ring of slaying
MPRegen 0.13/turn                I - +6 ring of dexterity

@: flying
A: sickness immunity, AC +9, negative energy resistance 1, electricity
resistance, torment resistance 1, petrification resistance, screaming 1
a: Renounce Religion, Evoke Blink, Berserk, Trog's Hand, Brothers in Arms


You were on level 3 of the Lair of Beasts.
You worshipped Trog.
Trog was extremely pleased with you.
You visited 3 branches of the dungeon, and saw 15 of its levels.
You also visited: Gauntlet.

You collected 888 gold pieces.
You spent 201 gold pieces at shops.

Inventory:

Hand Weapons
 q - a +7 flail of protection (weapon)
Armour
 r - a +0 pair of boots (worn)
 u - a +0 buckler (worn)
 x - a +1 cloak (worn)
 G - the +1 crystal plate armour "Put-Me-On" (worn) {Harm +Blink rN+}
   (You acquired it on level 10 of the Dungeon)

   rN:        It protects you from negative energy.
   +Blink:    It lets you blink.
   Harm:      It increases damage dealt and taken.
 M - a +1 ring mail of cold resistance
 N - a +0 hat (worn)
Jewellery
 j - a +4 ring of protection
 k - a +4 ring of slaying (left hand)
 m - a ring of willpower
 I - a +6 ring of dexterity (right hand)
 J - a ring of ice
 P - an amulet of guardian spirit (around neck)
 Q - the ring of False Pretenses {Fly rPois Dex+3}
   (You found it in a Gauntlet)

   [ring of flight]

   Dex:       It affects your dexterity (+3).
   rPois:     It protects you from poison.
   Fly:       It grants you flight.
 R - the ring "Ful Vet" {*Corrode rN++ Will+++ AC+4}
   (You found it in a Gauntlet)

   [ring of protection]

   AC:        It affects your AC (+4).
   rN:        It greatly protects you from negative energy.
   *Corrode:  It may corrode you when you take damage.
   Will:      It greatly increases your willpower.
Wands
 d - a wand of polymorph (13)
 t - a wand of roots (8)
 A - a wand of flame (39)
 F - a wand of charming (12)
 H - a wand of digging (11)
 L - a wand of mindburst (11)
Scrolls
 a - 5 scrolls of enchant armour
 c - 6 scrolls of fear
 h - 2 scrolls of brand weapon
 i - 4 scrolls of enchant weapon
 l - 5 scrolls of identify
 s - a scroll of summoning
 v - a scroll of magic mapping
 y - a scroll of fog
 D - a scroll of silence
 E - 4 scrolls of teleportation
 O - 4 scrolls of blinking
Potions
 b - 3 potions of cancellation
 e - 10 potions of curing
 f - 2 potions of heal wounds
 n - 3 potions of invisibility
 o - 5 potions of lignification
 p - 2 potions of attraction
 w - 4 potions of haste
 z - a potion of might
 B - 2 potions of ambrosia
 C - 2 potions of resistance
 K - 3 potions of mutation


   Skills:
 + Level 12.1 Fighting
 + Level 11.1 Maces & Flails
 + Level 11.9 Armour
 + Level 9.2 Dodging
 - Level 5.0 Stealth
 - Level 5.0 Shields
 - Level 5.0 Evocations


You had 12 spell levels left.
You didn't know any spells.
Your spell library was empty.

Dungeon Overview and Level Annotations

Branches:
Dungeon (11/15)            Temple (1/1) D:5            Lair (3/5) D:9
  Swamp (0/4) Lair:3        Snake (0/4) Lair:2          Orc (0/2) D:11
Gauntlet (visited)

Altars:
Ashenzari
Cheibriados
Dithmenos
Elyvilon
Fedhas
Gozag
Hepliaklqana
Kikubaaqudgha
Makhleb
Nemelex Xobeh
Okawaru
Qazlal
Ru
Sif Muna
Trog
Uskayaw
Vehumet
Wu Jian
Xom
Yredelemnul
Zin
The Shining One

Shops:
D:8 ?   D:9 [

Portals:
Trove: D:11 (give 19 potions of curing)


Innate Abilities, Weirdness & Mutations

You are immune to sickness and miasma.
Your stone body is resilient. (AC +9)
You are immune to poison.
You resist negative energy. (rN+)
You are resistant to electric shocks. (rElec)
You are resistant to unholy torment.
You are immune to petrification.
You occasionally shout uncontrollably at your foes.


Message History

Calm down first, please.
Calm down first, please.
You start waiting.
You feel a strong urge to attack something.
You start waiting.
You are no longer berserk.
You are exhausted.
You feel yourself slow down.
You start waiting.
You feel yourself speed up.
You see here a yak corpse.
You recover from your berserk rage.
E - 4 scrolls of teleportation (gained 1)
O - 4 scrolls of blinking (gained 1)
Found a scale mail.
A lindwurm is nearby!
A lindwurm is nearby!
Okay, then.
The lindwurm roars!
A lindwurm comes into view.
The lindwurm roars!
You hear a roar!
The lindwurm roars!
You feel very buoyant.
You fly up into the air.
A lindwurm comes into view.
The lindwurm breathes flames at you. The blast of flame misses you.
The lindwurm breathes flames at you. The blast of flame hits you!!
Found 7 stones.
The lindwurm breathes flames at you. The blast of flame hits you!!!
Ouch! That really hurt!
* * * LOW HITPOINT WARNING * * *
The lindwurm breathes flames at you. The blast of flame hits you!
* * * LOW HITPOINT WARNING * * *
The lindwurm breathes flames at you. The blast of flame hits you!!
You die...

......§§≈§≈≈k.##**,,~~~~~,,,,*
......§≈§§≈..#.,,,*,,≈§≈~,,,,*
......§§≈≈≈.##,,,,**.§≈≈§~,,,*
......≈§≈≈≈.#*,,>(*#.≈≈≈§§,,,**
..#....≈§≈≈..#,,,.#..≈≈≈≈..,*,*
.......≈≈§≈≈..#*##..≈≈≈≈≈..#***
.......≈≈≈§§...##k.k≈≈≈≈≈..#
..,.....≈≈≈≈≈§..kk≈≈§≈§≈...#
,,,,....≈§≈§≈≈≈≈@≈≈≈§§≈§§..#
,,.......≈≈≈≈≈§§§≈§≈≈≈≈§..#*
.....P....≈≈§≈≈≈§≈≈≈≈≈....#
.........[..≈≈§§§§≈≈.....#*
...............§≈.......##
.....^..PP.............P#
.....#............#...###
..P...#.....P#......###
.............########


You could see 4 lindwurms.

Vanquished Creatures
  Gastronok (Lair:1)
  2 two-headed ogres
  Erica (D:11)
  A tengu warrior (D:10)
  3 death yaks (D:9)
  Sonja (Lair:1)
  A swamp dragon (shapeshifter) (D:10)
  Pikel (D:6)
  A deep elf pyromancer (D:10)
  A shining eye (Gauntlet)
  2 ugly things (D:11)
  A salamander (shapeshifter) (D:10)
  A salamander (Lair:2)
  Joseph (Lair:1)
  5 elephants (Lair:2)
  A black mamba (Lair:2)
  A cane toad (Lair:2)
  A gargoyle (D:10)
  Psyche (D:8)
  4 komodo dragons
  2 yaktaurs (shapeshifter)
  2 trolls (D:9)
  5 polar bears
  A tyrant leech (Gauntlet)
  3 hornets
  Grinder (D:6)
  2 shadows
  Sigmund (D:6)
  2 wyverns
  36 yaks
  An unseen horror simulacrum (D:10)
  2 basilisks (Lair:1)
  Eustachio (D:4)
  A redback (D:10)
  2 vampire mosquitoes (D:10)
  Edmund (D:6)
  5 swamp worms (Gauntlet)
  Duvessa (D:6)
  A floating eye (Gauntlet)
  5 water moccasins
  A black bear (D:7)
  4 orc warriors
  2 sky beasts (D:7)
  An ogre (D:4)
  17 wolves
  4 centaurs
  A lemure (D:6)
  A phantom (D:4)
  Blork the orc (D:5)
  3 kobold brigands
  2 necrophages
  5 bullfrogs
  6 scorpions
  8 wights
  Dowan (D:6)
  8 killer bees
  2 howler monkeys
  6 electric eels (D:10)
  3 lava snakes (Lair:2)
  2 hounds
  3 jellies
  Crazy Yiuf (D:5)
  9 orc priests
  A gnoll bouda (D:10)
  4 iguanas
  Ijyb (D:4)
  Jessica (D:3)
  11 orc wizards
  6 hell rats
  8 adders
  11 gnolls
  2 white imps
  4 ufetubi
  2 worms (D:2)
  3 dart slugs
  42 orcs
  10 ball pythons
  6 bats
  8 endoplasms
  4 giant cockroaches
  4 goblins
  3 hobgoblins
  22 kobolds
  6 quokkas
  5 frilled lizards
  7 rats
368 creatures vanquished.

Vanquished Creatures (collateral kills)
  A minotaur (Gauntlet)
1 creature vanquished.

Vanquished Creatures (others)
  19 demonic plants (Gauntlet)
  4 fungi
  14 plants
37 creatures vanquished.

Grand Total: 406 creatures vanquished

Notes
Turn   | Place    | Note
-------+----------+-------------------------------------------
     0 | D:1      | Borgoz the Gargoyle Berserker began the quest for the Orb.
     0 | D:1      | Reached XP level 1. HP: 14/14 MP: 1/1
   102 | D:1      | Reached XP level 2. HP: 17/19 MP: 2/2
   614 | D:1      | Reached ** piety under Trog
   615 | D:1      | Reached XP level 3. HP: 23/23 MP: 3/3
   851 | D:2      | Identified the +4 sling "Caffiux" {speed, Int+4}
  1244 | D:2      | Reached XP level 4. HP: 29/29 MP: 4/4
  1867 | D:3      | Reached skill level 4 in Fighting
  1963 | D:3      | Reached XP level 5. HP: 28/33 MP: 5/5
  2142 | D:3      | Noticed Jessica
  2148 | D:3      | Killed Jessica
  2281 | D:4      | Noticed an ogre
  2285 | D:4      | Killed an ogre
  2286 | D:4      | Reached XP level 6. HP: 39/39 MP: 6/6
  2396 | D:4      | Reached skill level 5 in Fighting
  2458 | D:4      | Reached XP level 7. HP: 44/44 MP: 7/7
  2584 | D:4      | Noticed Eustachio
  2615 | D:4      | Killed Eustachio
  2833 | D:4      | Noticed Ijyb
  2861 | D:4      | Killed Ijyb
  2862 | D:4      | Reached skill level 5 in Maces & Flails
  2953 | D:4      | Reached skill level 5 in Armour
  3098 | D:4      | You fall into a shaft and drop 2 floors!
  3110 | D:6      | Noticed Grinder
  3111 | D:6      | Noticed Duvessa
  3117 | D:6      | Noticed Dowan
  3122 | D:6      | Killed Duvessa
  3123 | D:6      | Reached skill level 6 in Fighting
  3123 | D:6      | Reached XP level 8. HP: 51/51 MP: 8/8
  3126 | D:6      | Killed Dowan
  3126 | D:6      | Reached *** piety under Trog
  3163 | D:6      | Paralysed by Grinder for 5 turns
  3344 | D:6      | Noticed Edmund
  3393 | D:6      | Killed Grinder
  3409 | D:6      | Killed Edmund
  3481 | D:6      | Reached skill level 7 in Fighting
  3481 | D:6      | Reached XP level 9. HP: 52/57 MP: 9/9
  3500 | D:6      | Noticed Sigmund
  3508 | D:6      | Killed Sigmund
  3509 | D:6      | Reached skill level 5 in Dodging
  3617 | D:6      | Noticed Pikel
  3631 | D:6      | Killed Pikel
  3866 | D:6      | Found a white marble altar of Elyvilon.
  3867 | D:6      | Found a glowing silver altar of Zin.
  3901 | D:5      | Entered Level 5 of the Dungeon
  3910 | D:5      | Found a staircase to the Ecumenical Temple.
  3944 | Temple   | Entered the Ecumenical Temple
  4287 | D:5      | Reached skill level 8 in Fighting
  4289 | D:5      | Found a hide-covered altar of Uskayaw.
  4501 | D:5      | Noticed Blork the orc
  4508 | D:5      | Killed Blork the orc
  4508 | D:5      | Reached **** piety under Trog
  4616 | D:5      | Found a runed translucent door.
  4617 | D:5      | Noticed Crazy Yiuf
  4691 | D:5      | Killed Crazy Yiuf
  4939 | D:7      | Reached XP level 10. HP: 64/64 MP: 10/10
  5782 | D:8      | Reached skill level 1 in Stealth
  5809 | D:8      | Reached skill level 1 in Shields
  5824 | D:8      | Found Igakh's Magic Scroll Shop.
  5830 | D:8      | Bought 2 scrolls of identify for 52 gold pieces
  5830 | D:8      | Bought a scroll of magic mapping for 97 gold pieces
  5830 | D:8      | Bought a scroll of identify for 26 gold pieces
  5830 | D:8      | Bought a scroll of identify for 26 gold pieces
  5857 | D:8      | Reached skill level 1 in Evocations
  6016 | D:8      | Noticed Psyche
  6023 | D:8      | Killed Psyche
  6553 | D:9      | Reached skill level 9 in Fighting
  6623 | D:9      | Noticed a death yak
  6624 | D:9      | Found a staircase to the Lair.
  6625 | D:9      | Noticed a death yak
  6626 | D:9      | Noticed a death yak
  6918 | D:9      | Reached XP level 11. HP: 60/71 MP: 11/11
  7229 | D:9      | Killed a death yak
  7236 | D:9      | Killed a death yak
  7245 | D:9      | Killed a death yak
  7313 | D:9      | Found Hadad-Baal's Dragon-Slaying Spoils.
  7664 | D:10     | Entered Level 10 of the Dungeon
  7918 | D:10     | Reached ***** piety under Trog
  8072 | D:10     | Noticed a two-headed ogre
  8082 | D:10     | Killed a two-headed ogre
  8130 | D:10     | Identified a scroll of acquirement
  8248 | D:10     | Acquired the +1 crystal plate armour "Put-Me-On" {Harm
                  | +Blink rN+}
  8409 | D:10     | Reached skill level 5 in Stealth
  8472 | D:10     | Noticed a tengu warrior
  8493 | D:10     | Killed a tengu warrior
  8840 | D:10     | Reached skill level 10 in Fighting
  8844 | D:10     | Reached skill level 5 in Shields
  9094 | D:10     | Noticed a deep elf pyromancer
  9099 | D:10     | Killed a deep elf pyromancer
  9100 | D:10     | Reached XP level 12. HP: 77/77 MP: 12/12
  9264 | D:11     | Noticed Erica
  9269 | D:11     | Killed Erica
  9270 | D:11     | Reached skill level 10 in Armour
  9288 | D:11     | Found a portal to a secret trove of treasure.
  9347 | D:11     | Received a gift from Trog
  9475 | D:11     | Found a staircase to the Orcish Mines.
  9554 | D:11     | Noticed a two-headed ogre
  9561 | D:11     | Killed a two-headed ogre
  9562 | D:11     | Reached skill level 5 in Evocations
  9659 | Lair:1   | Entered Level 1 of the Lair of Beasts
  9808 | Lair:1   | Noticed Joseph
  9814 | Lair:1   | Killed Joseph
 10080 | Lair:1   | Reached skill level 10 in Maces & Flails
 10128 | Lair:1   | Noticed Gastronok
 10142 | Lair:1   | Killed Gastronok
 10143 | Lair:1   | Reached skill level 11 in Fighting
 10234 | Lair:1   | Noticed Sonja
 10248 | Lair:1   | Killed Sonja
 10784 | Lair:2   | Reached XP level 13. HP: 84/84 MP: 13/13
 11058 | Lair:2   | Identified the +5 morningstar of Ignis {heavy, rC++}
 11220 | Lair:2   | Found a staircase to the Snake Pit.
 12172 | Lair:3   | Found a gate leading to a gauntlet.
 12340 | Gauntlet | Entered a Gauntlet
 12340 | Gauntlet | Found a transporter.
 12340 | Gauntlet | Found a transporter.
 12344 | Gauntlet | Found a transporter.
 12344 | Gauntlet | Found a transporter.
 12367 | Gauntlet | Found a transporter.
 12374 | Gauntlet | Found a transporter.
 12380 | Gauntlet | Found a transporter.
 12410 | Gauntlet | Found a transporter.
 12419 | Gauntlet | Found a transporter.
 12447 | Gauntlet | Found a transporter.
 12481 | Gauntlet | Identified the ring of False Pretenses {Fly rPois Dex+3}
 12598 | Gauntlet | Found a transporter.
 12627 | Gauntlet | Gained mutation: You occasionally shout uncontrollably at
                  | your foes. [a shining eye]
 12632 | Gauntlet | Reached skill level 12 in Fighting
 12637 | Gauntlet | Paralysed by a floating eye for 2 turns
 12655 | Gauntlet | Found a transporter.
 12656 | Gauntlet | Found a transporter.
 12674 | Gauntlet | Identified the ring "Ful Vet" {*Corrode rN++ Will+++ AC+4}
 12747 | Gauntlet | Noticed a minotaur
 12753 | Gauntlet | Killed a minotaur
 13011 | Lair:3   | Killed from afar by a lindwurm

Illustrated notes

Levels and vault maps discovered:
D:1:      dpeg_arrival_round_a, layout_basic
D:2:      layout_basic, wander_ebering_terrifying_dragon_lair
D:3:      layout_basic, uniq_jessica
D:4:      layout_basic, uniq_eustachio, uniq_ijyb
D:5:      layout_gridville, mainiacjoe_overflow_surrounded_room,
          minmay_temple_entry_steel_oval, uniq_crazy_yiuf_cottage,
          uniq_blork_the_orc
D:6:      layout_rooms, gammafunk_temple_overflow_pools, uniq_edmund,
          uniq_pikel, uniq_sigmund, uniq_grinder, uniq_duvessa
D:7:      layout_loops_cross, kennysheep_generic_room_16
D:8:      layout_rooms, serial_shops, kennysheep_little_box, uniq_psyche
D:9:      layout_loops_cross, dpeg_lair_monsters, nicolae_shop_dragon_depot
D:10:     minmay_sliced_demisemicircle, layout_irregular_city, kennysheep_boxes
D:11:     layout_rooms, orc_0_dummy, enter_trove_1, uniq_erica
Temple:   hellmonk_temple_of_storms
Lair:1:   layout_regular_city, columned_hall_lemuel, minivault_11, uniq_grum,
          uniq_joseph, uniq_sonja, uniq_gastronok
Lair:2:   layout_hall_layers, nicolae_snake_entry_warm_welcome
Lair:3:   layout_cave_shapes, nicolae_swamp_entry_splash_gauntlet,
          gauntlet_entry_generic, minmay_lindwurm_lava

Skill      XL: |  1  2  3  4  5  6  7  8  9 10 11 12 13 |
---------------+----------------------------------------+-----
Dodging        | 2 3 4 5 6 7 8 9 |  9.2
Armour         | 3 4 5 6 7 8 9 11 | 11.9
Fighting       | 4 5 6 7 8 9 10 11 12 | 12.1
Maces & Flails | 4 5 6 7 8 9 10 11 | 11.1
Stealth        | 3 5 |  5.0
Shields        | 3 5 |  5.0
Evocations     | 2 4 5 |  5.0

Action                     |  1- 3 |  4- 6 |  7- 9 | 10-12 | 13-15 || total
---------------------------+-------+-------+-------+-------+-------++-------
  Melee: Mace              |   103 |   109 |   194 |       |       ||   406
         Punch             |     2 |     2 |     4 |       |       ||     8
         Unarmed           |       |       |    22 |       |       ||    22
         Flail             |       |       |   143 |   639 |   199 ||   981
 Invoke: Berserk           |       |     3 |     8 |     9 |     4 ||    24
         Trog's Hand       |       |       |     2 |     2 |     2 ||     6
         Brothers in Arms  |       |       |       |       |     1 ||     1
  Evoke: Wand              |       |       |       |     5 |       ||     5
    Use: Scroll            |     7 |     2 |     6 |    17 |     3 ||    35
         Potion            |       |       |     1 |       |     1 ||     2
   Stab: Sleeping          |     2 |       |       |       |       ||     2
 Armour: Animal skin       |    18 |       |       |       |       ||    18
         Ring mail         |    22 |    16 |       |       |       ||    38
         Plate armour      |       |    53 |   293 |   360 |       ||   706
         Skin              |       |       |     4 |       |       ||     4
         Crystal plate arm |       |       |       |   278 |   290 ||   568
  Dodge: Dodged            |    65 |    62 |   193 |   272 |   128 ||   720
  Block: Buckler           |       |       |       |   140 |    97 ||   237

Table legend: (Time is in decaauts)
 A = Elapsed time spent in this place.
 B = Non-inter-level travel time spent in this place.
 C = Inter-level travel time spent in this place.
 D = Time resting spent in this place.
 E = Time spent auto-exploring this place.
 F = Levels seen in this place.
 G = Mean time per level.
                   A        B        C        D        E       F      G
               +--------+--------+--------+--------+--------+-----+--------+
         Total |  13269 |  12783 |    486 |   1550 |   7933 |  16 |  829.3 |
       Dungeon |   9817 |   9416 |    401 |   1049 |   6003 |  11 |  892.5 |
        Temple |     66 |     56 |     10 |      0 |     27 |   1 |   66.0 |
          Lair |   2959 |   2885 |     74 |    472 |   1841 |   3 |  986.3 |
      Gauntlet |    426 |    426 |      0 |     29 |     61 |   1 |  426.0 |
               +--------+--------+--------+--------+--------+-----+--------+

Top non-repeatable levels by time:
    D:10: 1650 daAuts
  Lair:2: 1356 daAuts
     D:9: 1353 daAuts
  Lair:1: 1117 daAuts
     D:2: 1075 daAuts
     D:4: 952 daAuts
     D:7: 890 daAuts
     D:6: 847 daAuts
     D:5: 812 daAuts
     D:1: 735 daAuts
     D:8: 598 daAuts
     D:3: 532 daAuts
  Lair:3: 484 daAuts
Gauntlet: 426 daAuts
    D:11: 369 daAuts
